AoeStats
← AOELG_bravedave92

Black Forest

508843911Analyzed
2v2 RM · 9d ago on Sep 24, 2026· 44m 10s· 4 players
Game mode
Random Map
Map size
Medium (4 player)
Population
200
Speed
Normal
Resources
Standard
Victory
Conquest
Starting age
Dark Age
Ending age
Imperial Age
RankedLock teamsTeams togetherTeam positionsShared explorationLock speedFull tech treeHidden civsTurbo modeCheats
Victory
Defeat
🇩🇪 Persians · Germany
1140
+17
🇨🇭 Mongols · Switzerland
1076
+21
🇨🇳 Franks · China
1169
-19
🇺🇸 Saxons · United States
1165
-19
查尔斯
0:59 Loom
11:37 Feudal Age
13:49 Wheelbarrow
19:22 Castle Age
18:36 Scale Barding Armor
18:42 Forging
18:30 Gold Mining
20:08 Double-Bit Axe
24:07 Hand Cart
29:49 Gold Shaft Mining
29:45 Bow Saw
34:06 Imperial Age
32:15 Chain Barding Armor
32:31 Iron Casting
31:59 Husbandry
34:05 Padded Archer Armor
33:56 Fletching
33:41 Pikeman
34:22 Squires
34:25 Cavalier
35:45 Plate Barding Armor
36:39 Chemistry
36:06 Paladin
38:39 Blast Furnace
38:28 Siege Engineers
39:57 Halberdier
40:40 Scale Mail Armor
41:13 Bodkin Arrow
41:33 Leather Archer Armor
40:43 Elite Skirmisher
43:39 Chain Mail Armor
45:11 Plate Mail Armor
BigPharmA
0:56 Loom
12:58 Feudal Age
13:35 Double-Bit Axe
14:32 Arson
18:45 Castle Age
19:00 Gold Mining
19:34 Squires
20:48 Bow Saw
25:54 Fletching
26:05 Scale Mail Armor
26:44 Forging
32:35 Imperial Age
32:42 Murder Holes
32:47 Bodkin Arrow
33:39 Conscription
34:24 Capped Ram
36:29 Chemistry
35:52 Ballistics
37:05 Wheelbarrow
AOELG_bravedave92
1:51 Loom
11:33 Feudal Age
14:16 Fishing Lines
18:39 Castle Age
16:36 Double-Bit Axe
19:34 Gillnets
20:18 Bow Saw
22:09 Wheelbarrow
22:06 Forging
22:03 Scale Barding Armor
21:49 Fletching
25:29 Hand Cart
30:25 Imperial Age
28:48 Bloodlines
29:39 Iron Casting
28:54 Horse Collar
29:34 Padded Archer Armor
30:12 Bodkin Arrow
30:24 Kamandaran
31:09 Conscription
30:20 Crossbowman
31:25 Heavy Camel Rider
32:05 Husbandry
32:24 Heavy Plow
33:40 Two-Man Saw
34:44 Blast Furnace
34:05 Chain Barding Armor
34:09 Stone Mining
34:11 Gold Mining
35:33 Crop Rotation
36:25 Chemistry
35:54 Thumb Ring
36:24 Ballistics
37:12 Plate Barding Armor
36:52 Leather Archer Armor
37:37 Light Cavalry
38:35 Masonry
39:08 Hussar
frickman
7:13 Loom
9:17 Feudal Age
10:11 Man-at-Arms
11:47 Double-Bit Axe
22:18 Castle Age
21:10 Fishing Lines
23:11 Gillnets
23:38 Fletching
25:10 Bow Saw
25:31 Bodkin Arrow
26:15 Padded Archer Armor
27:53 Gold Mining
29:08 Leather Archer Armor
29:43 Gold Shaft Mining
35:19 Imperial Age
33:26 Wheelbarrow
33:06 Stone Mining
33:34 Forging
33:29 Scale Barding Armor
33:41 Nomads
35:39 Hand Cart
36:25 Iron Casting
36:11 Chain Barding Armor
35:59 Thumb Ring
36:06 Bloodlines
35:57 Husbandry
35:34 Capped Ram
36:23 Bracer
37:11 Conscription
37:16 Siege Ram
39:42 Siege Engineers
40:39 Chemistry
39:59 Ballistics
39:31 Light Cavalry
41:38 Blast Furnace
40:58 Chain Barding Armor
41:24 Heavy Camel Rider
43:12 Murder Holes
Connection lost

Rejoining the realm…

Still unreachable

The connection could not be restored.

Session expired

The server has moved on; the page needs a fresh start.